Map: King's Cove LE

Players

Mez - Winner!

  • Race: Terran Terran
  • League: Master
  • Spawn Location: 11:00

LambNRice

  • Race: Zerg Zerg
  • League: Master
  • Spawn Location: 5:00

VOD

Have the link to the VOD?

Description

Time

  • Played on: Aug. 12, 2019, 8:15 p.m.
  • Length: 15:08
Show
View Real Time Build Order
Export as new Build Order

Mez Terran - Winner!

Build Orders: Liberator Opening, Reaper Expand 

Get SALT Encoding   

  12  0:00  SCV  
  13  0:13  SCV  
  14  0:18  Supply Depot  
  14  0:25  SCV  
  15  0:40  SCV, Barracks  
  16  0:46  Refinery  
  16  0:52  SCV  
  18  1:04  SCV  
  18  1:16  SCV  
  19  1:28  Orbital Command  
  19  1:30  Reaper  
  20  1:42  Command Center  
  20  1:50  Supply Depot  
  20  1:55  SCV  
  21  2:04  Marine  
  21  2:07  SCV  
  23  2:15  Factory  
  23  2:18  Refinery  
  23  2:21  SCV  
  24  2:24  Barracks Reactor  
  24  2:37  SCV  
  25  2:49  SCV  
  26  2:56  Orbital Command  
  26  3:01  SCV  
  27  3:09  Starport  
  27  3:13  Hellion x2  
  27  3:14  Barracks Tech Lab  
  27  3:16  SCV  
  32  3:30  Liberator  
  32  3:31  SCV  
  32  3:35  Hellion x2, Supply Depot  
  32  3:36  SCV  
  37  3:43  SCV  
  40  3:57  SCV x2  
  40  3:59  Hellion x2  
  46  4:07  Stimpack  
  46  4:08  Marine  
  46  4:09  SCV  
  49  4:10  SCV, Supply Depot  
  49  4:22  SCV x2  
  51  4:34  SCV x2  
  53  4:40  Command Center  
  53  4:45  Supply Depot  
  53  4:53  SCV x2  
  53  4:56  Factory Reactor  
  53  4:58  Marine  
  53  4:59  Starport Reactor  
  56  5:00  Barracks  
  56  5:01  Barracks  
  56  5:04  Engineering Bay  
  56  5:06  Engineering Bay  
  56  5:08  Refinery  
  56  5:09  Refinery  
  56  5:11  Supply Depot  
  50  5:46  Marine  
  44  5:53  Terran Infantry Armor Level 1, Terran Infantry Weapons Level 1, Orbital Command  
  44  5:54  SCV  
  44  5:56  Factory Reactor  
  45  5:59  Marine x4  
  45  6:01  Supply Depot  
  49  6:04  Marine  
  49  6:08  SCV x2  
  52  6:15  Barracks, Medivac x2  
  52  6:16  Barracks  
  56  6:20  SCV x3, Marine  
  56  6:21  Marine  
  56  6:22  Marine  
  56  6:23  Marine  
  63  6:32  SCV x2  
  66  6:38  Supply Depot  
  66  6:39  Orbital Command  
  65  6:44  Marine x5  
  67  6:48  Supply Depot  
  67  6:49  Missile Turret, Combat Shield  
  67  6:50  Medivac  
  67  6:51  Medivac  
  67  6:52  Supply Depot  
  71  6:57  Missile Turret  
  71  7:02  Marine x4  
  71  7:03  Missile Turret  
  71  7:04  Barracks Reactor x2  
  71  7:06  SCV x2  
  71  7:08  SCV  
  78  7:15  Widow Mine x2, Supply Depot  
  82  7:18  Missile Turret  
  82  7:19  SCV x2  
  82  7:20  SCV  
  85  7:27  Armory  
  85  7:28  Marine  
  85  7:29  Marine x4  
  90  7:31  SCV  
  90  7:36  SCV  
  92  7:37  Factory  
  92  7:38  SCV  
  93  7:46  Marine  
  89  7:52  Marine x3  
  89  7:53  Marine x4  
  89  7:55  Widow Mine x2  
  89  7:58  SCV x2  
  101  7:59  Refinery  
  101  8:01  Medivac x2  
  101  8:18  Marine x6  
  101  8:19  Marine x2  
  113  8:20  Widow Mine x2  
  113  8:21  SCV x3  
  113  8:22  Terran Infantry Armor Level 2, Terran Infantry Weapons Level 2  
  116  8:28  Supply Depot  
  116  8:31  Factory Tech Lab  
  116  8:33  SCV x3, Supply Depot  
  119  8:42  Marine  
  119  8:43  Marine x7  
  119  8:45  SCV x2  
  108  9:08  Marine x8  
  108  9:09  Thor, Marine  
  110  9:10  Widow Mine x2  
  115  9:26  Marine x4  
  112  9:32  Marine x5  
  112  9:34  Widow Mine x2  
  112  9:35  Medivac x2  
  125  9:43  Command Center  
  125  9:44  Marine x4, Barracks  
  125  9:45  Supply Depot  
  121  9:46  Barracks x2  
  110  9:53  Widow Mine  
  110  9:55  Widow Mine  
  110  9:58  Widow Mine, Marine  
  110  9:59  Marine x4  
  116  10:01  Marine  
  116  10:02  Marine  
  116  10:05  Medivac x2  
  120  10:14  Thor  
  120  10:21  Marine x5, Terran Vehicle Weapons Level 1  
  126  10:22  Marine x3  
  126  10:24  Marauder  
  134  10:38  Barracks Reactor, Barracks Tech Lab x2  
  134  10:46  Marauder  
  134  10:48  Marine x3  
  139  10:51  Supply Depot  
  139  10:52  Supply Depot x3  
  139  10:58  Cyclone  
  142  11:08  Marine x5  
  147  11:15  Planetary Fortress  
  147  11:26  Marine, Marauder  
  147  11:27  Marine x8, Marauder x2  
  147  11:30  SCV x3  
  165  11:37  Thor  
  171  11:40  Medivac x2  
  171  11:41  Marine  
  171  11:42  SCV x2  
  171  11:44  Marine  
  179  11:51  Concussive Shells  
  179  11:52  Terran Infantry Armor Level 3, Terran Infantry Weapons Level 3  
  179  12:10  Medivac  
  179  12:11  Marine x3, Marauder x3  
  190  12:18  Command Center  
  190  12:20  Refinery x2, Starport x2  
  190  12:30  Terran Vehicle Weapons Level 2  
  175  12:46  Marine, Marauder  
  175  12:47  Marauder  
  180  12:53  Marine, Marauder  
  176  12:59  Widow Mine x3  
  182  13:08  Marauder  
  181  13:19  Marine x7, Marauder x2  
  165  13:29  Marine x2, Marauder  
  165  13:30  Marine  
  153  13:35  Widow Mine x3  
  153  13:36  Marine  
  153  13:37  Marine x6  
  153  13:40  Marine x2  
  167  13:46  Viking, Starport Reactor x2  
  167  13:47  Marine  
  170  13:49  Fusion Core  
  170  13:50  Command Center  
  170  13:51  Marine, Command Center  
  170  13:52  Marine, Marauder  
  170  13:54  Marine  
  175  13:56  Widow Mine  
  167  14:04  Liberator  
  167  14:07  Marine, Marauder x2  
  167  14:09  Marine x2  
  174  14:14  Marine, Marauder  
  174  14:15  Marine x6  
  165  14:17  Widow Mine x2  
  165  14:18  Widow Mine  
  170  14:25  Marine  
  170  14:27  Marine x2  
  170  14:29  Marauder x2  
  177  14:32  Marine x2  
Show
View Real Time Build Order
Export as new Build Order

LambNRice Zerg 

Build Orders: Hatch First, Muta Ling Bane 

Get SALT Encoding   

  12  0:01  Drone  
  13  0:13  Overlord  
  13  0:18  Drone  
  14  0:32  Drone x2  
  16  0:37  Drone  
  17  0:54  Hatchery  
  17  0:56  Drone  
  17  0:59  Drone  
  17  1:02  Extractor  
  17  1:16  Spawning Pool  
  16  1:19  Drone  
  16  1:23  Drone  
  18  1:30  Drone  
  19  1:43  Drone  
  20  2:03  Zergling x4  
  20  2:06  Zergling x2  
  20  2:08  Queen x2  
  25  2:09  Metabolic Boost  
  27  2:28  Hatchery  
  26  2:32  Zergling x2  
  26  2:38  Overlord  
  26  2:40  Drone  
  26  2:42  Extractor  
  25  2:52  Queen  
  27  2:59  Drone x2  
  27  3:04  Drone x2  
  32  3:08  Drone x2  
  33  3:20  Overlord  
  33  3:25  Overlord  
  33  3:26  Drone x2  
  35  3:33  Queen  
  36  3:44  Drone x4  
  40  3:51  Lair  
  39  3:58  Drone x4  
  43  4:03  Extractor  
  43  4:04  Extractor  
  43  4:09  Zergling x2  
  43  4:10  Zergling x6  
  45  4:17  Drone x4  
  49  4:29  Drone x4  
  53  4:35  Drone x2  
  53  4:36  Drone x3  
  58  4:44  Overlord x2  
  58  4:51  Extractor  
  57  4:54  Spire  
  57  4:57  Queen  
  57  4:59  Overlord  
  58  5:10  Drone x3  
  58  5:11  Zergling x10  
  48  5:40  Drone  
  48  5:41  Drone x12  
  51  5:59  Drone x4  
  55  6:15  Mutalisk x3  
  60  6:38  Drone x5  
  63  6:44  Drone  
  63  6:45  Drone  
  63  6:53  Mutalisk x4  
  63  6:54  Mutalisk x3  
  77  7:07  Zerg Flyer Weapons Level 1  
  77  7:08  Burrow  
  77  7:10  Baneling Nest  
  77  7:13  Hatchery  
  75  7:25  Overlord x3  
  73  7:33  Zergling x2  
  74  7:41  Overlord  
  74  7:42  Overlord  
  74  7:45  Zergling x14  
  74  7:46  Zergling x4  
  75  7:51  Zergling x2  
  75  7:52  Zergling x6  
  75  7:57  Centrifical Hooks  
  79  8:13  Mutalisk x5  
  89  8:20  Extractor  
  89  8:22  Baneling, Extractor  
  89  8:23  Baneling x9  
  86  8:48  Zergling x2  
  86  8:49  Zergling x28  
  89  9:10  Evolution Chamber, Drone x7  
  89  9:12  Evolution Chamber  
  91  9:24  Mutalisk x5  
  101  9:33  Zerg Flyer Weapons Level 2  
  100  9:41  Zerg Melee Weapons Level 1  
  93  9:49  Mutalisk  
  83  10:01  Drone x4  
  83  10:02  Drone x4  
  91  10:07  Zerg Ground Armor Level 1  
  91  10:23  Mutalisk  
  91  10:24  Mutalisk x3  
  91  10:27  Drone x8  
  105  10:36  Zergling x12  
  111  10:44  Baneling x7  
  111  10:50  Overlord x3  
  111  10:54  Extractor  
  111  10:55  Extractor  
  109  10:58  Drone x3  
  109  11:00  Overlord x2  
  112  11:11  Baneling x11  
  112  11:12  Baneling  
  112  11:22  Drone x6  
  112  11:23  Drone x3  
  112  11:24  Infestation Pit  
  119  11:30  Drone x6  
  125  11:38  Drone x7  
  132  11:51  Zerg Melee Weapons Level 2  
  132  11:52  Mutalisk x3  
  138  12:04  Zergling x14  
  138  12:05  Zergling x8  
  149  12:16  Zergling x4  
  149  12:19  Overlord x2  
  149  12:20  Overlord x2  
  151  12:23  Zerg Ground Armor Level 2  
  151  12:25  Baneling x14  
  151  12:26  Baneling x4  
  149  12:58  Zergling x28  
  148  12:59  Zergling x10  
  148  13:01  Baneling x4  
  148  13:02  Baneling x2  
  162  13:10  Hive, Pathogen Glands  
  160  13:16  Zergling x16  
  140  13:29  Zergling x8  
  140  13:30  Zergling x4  
  117  13:36  Baneling x6  
  111  13:45  Zergling x2, Drone x13  
  111  13:46  Drone x7, Zergling x20  
  122  13:50  Baneling x4  
  122  13:51  Baneling x9  
  122  13:52  Hatchery  
  106  14:05  Zergling x20  
  101  14:17  Zergling x10  
  101  14:23  Drone x3  
  101  14:31  Baneling x6  
  91  14:32  Zergling x16  
  84  14:42  Baneling  
  84  14:43  Baneling x6  
  84  14:44  Zergling x12  
  79  14:52  Hatchery  
Tags
 
Add a new tag
Caveats
  • Supply blocks, unpowered buildings, or Contaminate may cause inaccurate times.
  • Supply counts are checked every 10 seconds.